 Dungeon Crawl Stone Soup version 0.31.0-12-g77e489cdc1 (webtiles) character file.

Game seed: 5216307824453161363

43 KennySheep the Chopper (level 3, -7/33 HPs)
             Began as a Hill Orc Monk on Mar 3, 2024.
             Mangled by Natasha (8 damage)
             ... on level 2 of the Dungeon.
             The game lasted 00:02:08 (1028 turns).

KennySheep the Chopper (Hill Orc Monk)              Turns: 1028, Time: 00:02:08

Health: -7/33      AC:  5    Str: 15    XL:     3   Next: 58%
Magic:  12/12      EV: 11    Int: 10    God:
Gold:   11         SH:  0    Dex: 13    Spells: 2/2 levels left

rFire   . . .        a - +0 hand axe
rCold   . . .        d - orb {light}
rNeg    . . .        h - +0 ring mail {rPois}
rPois   +            (no helmet)
rElec   .            (no cloak)
rCorr   .            (no gloves)
SInv    .            (no boots)
Will    .....        (no amulet)
Stlth   +            m - ring of magical power
HPRegen 0.25/turn    (no ring)
MPRegen 0.13/turn

%: no passive effects
@: glowing
A: no striking features
a: no special abilities


You were on level 2 of the Dungeon.
You visited 1 branch of the dungeon, and saw 2 of its levels.

You collected 71 gold pieces.
You spent 60 gold pieces at shops.

Inventory:

Hand Weapons
 a - a +0 hand axe (weapon)
Armour
 b - a +0 robe
 d - an orb of light (worn)
 h - a +0 ring mail of poison resistance (worn)
Jewellery
 m - a ring of magical power (left hand)
Scrolls
 f - a scroll of vulnerability {unknown}
 g - a scroll of torment {unknown}
 j - a scroll of blinking {unknown}
 k - a scroll of poison {unknown}
 l - a scroll of identify {unknown}
Potions
 c - a potion of ambrosia
 i - a potion of curing {unknown}


   Skills:
 + Level 4.1 Fighting
 * Level 5.1 Axes
 + Level 1.4 Armour
 - Level 2.4 Dodging


You had 2 spell levels left.
You didn't know any spells.
Your spell library contained the following spells:

 Spells                   Type           Power      Damage    Failure   Level
 Summon Small Mammal      Summ           0%         N/A       58%         1
 Call Canine Familiar     Summ           0%         N/A       91%         3
 Summon Blazeheart Golem  Fire/Summ      0%         N/A       100%        4


Dungeon Overview and Level Annotations

Branches:
Dungeon (2/15)

Altars:

Shops:
D:2 *

Annotations:
D:2 Natasha


Message History

Natasha claws you! The cerulean imp barely misses you.
You hit Natasha.
Natasha is heavily wounded.
Natasha barely misses you.
The cerulean imp hits you but does no damage.
Natasha stares at you and mumbles some strange words.
You resist with significant effort.
You hit Natasha.
Natasha is severely wounded.
The cerulean imp barely misses you. Natasha closely misses you.
The cerulean imp barely misses you.
You barely miss Natasha.
Natasha is severely wounded.
Natasha claws you.
The cerulean imp hits you from afar with a +2 spear.
* * * LOW HITPOINT WARNING * * *
Natasha closely misses you.
You hit Natasha.
Natasha is severely wounded.
The cerulean imp closely misses you. Natasha closely misses you.
The cerulean imp hits you from afar with a +2 spear.
* * * LOW HITPOINT WARNING * * *
You hit Natasha but do no damage.
Natasha is severely wounded.
You feel yourself speed up. Natasha closely misses you.
The cerulean imp barely misses you. Natasha claws you.
* * * LOW HITPOINT WARNING * * *
You hit Natasha.
Natasha is almost dead.
The cerulean imp hits you from afar with a +2 spear.
* * * LOW HITPOINT WARNING * * *
Natasha barely misses you.
You hit Natasha.
Natasha is almost dead.
The cerulean imp hits you from afar with a +2 spear.
* * * LOW HITPOINT WARNING * * *
Natasha claws you!
You die...
Natasha begins licking her fur clean.

##########.......#
.(..>.......†.#####
####............##
##..)....#........ #
#..>.....#...##.# ..
.........#.##......##.#
..##..#..#.##...##... .
..............##.#
##...#######..h@.?##.###
#... ###†.∩......# #...
#5######### #.# #.# #.#
#.# #.. #?.


You could see Natasha and a cerulean imp (summoned).

Vanquished Creatures
  Natasha (D:2)
  2 endoplasms (D:1)
  A giant cockroach (D:2)
  2 goblins
  3 hobgoblins (D:1)
  2 kobolds (D:1)
  2 quokkas (D:1)
  A ball python (D:1)
  2 bats (D:1)
  2 rats (D:1)
18 creatures vanquished.

Notes
Turn   | Place    | Note
-------+----------+-------------------------------------------
     0 | D:1      | KennySheep the Hill Orc Monk began the quest for the Orb.
     0 | D:1      | Reached XP level 1. HP: 19/19 MP: 1/1
    88 | D:1      | Reached XP level 2. HP: 25/27 MP: 2/2
   450 | D:1      | Reached skill level 1 in Armour
   951 | D:2      | Noticed Natasha
   953 | D:2      | Found Geimouth's General Store.
   957 | D:2      | HP: 1/27 [Natasha/magic dart (10)]
   960 | D:2      | Killed Natasha
   961 | D:2      | Reached skill level 5 in Axes
   961 | D:2      | Reached XP level 3. HP: 4/33 MP: 3/3
   997 | D:2      | Noticed Natasha
  1013 | D:2      | Bought a potion of heal wounds for 60 gold pieces
  1028 | D:2      | HP: 1/33 [cerulean imp/+2 spear[Natasha] (1)]
  1028 | D:2      | Mangled by Natasha

Illustrated notes

Levels and vault maps discovered:
D:1:      zaba_arrival_water, layout_loops_cross, serial_forest,
          infiniplex_forest_lined_corner, infiniplex_forest_end_2,
          infiniplex_forest_clump_large, infiniplex_forest_lined_3_way,
          infiniplex_forest_clump_tiny, infiniplex_forest_lined_4_way,
          infiniplex_forest_clump_double, infiniplex_forest_clump_large,
          moated_statue
D:2:      layout_loops_cross, serial_shops, shop, fountainhead,
          kennysheep_potato, uniq_crazy_yiuf_cottage, uniq_sigmund, uniq_natasha

Skill      XL: |  1  2 |
---------------+-------+-----
Armour         | 1 |  1.4
Fighting       | 4 |  4.1
Axes           | 5 |  5.1
Dodging        | |  2.4

Action                     || total
---------------------------++-------
  Melee: Hand axe          ||    56
    Use: Potion            ||     2
 Armour: Robe              ||     5
         Ring mail         ||    39
  Dodge: Dodged            ||    40
